 Dungeon Crawl Stone Soup version 0.23.1 (webtiles) character file.

Game seed: 12049637656449723513

127 Kisielow the Cudgeler (level 5, -1/32 HPs)
             Began as a Gargoyle Fighter on Mar 16, 2019.
             Slain by Grinder (3 damage)
             ... on level 2 of the Dungeon.
             The game lasted 00:05:12 (1919 turns).

Kisielow the Cudgeler (Gargoyle Fighter)            Turns: 1919, Time: 00:05:13

Health: -1/32      AC: 14    Str: 26    XL:     5   Next: 11%
Magic:  5/5        EV:  5    Int: 13    God:
Gold:   113        SH:  9    Dex:  9    Spells: 4/4 levels left

rFire    + . .     SeeInvis .   a - +0 flail
rCold    + . .     Gourm    .   c - +0 shield
rNeg     + . .     Faith    .   e - +0 chain mail
rPois    ∞         Spirit   .   (no helmet)
rElec    +         Reflect  .   q - +0 cloak
rCorr    +         Harm     .   (no gloves)
MR       .....     Rnd*Tele +   l - +0 pair of boots
Stlth    ..........             (no amulet)
HPRegen  0.10/turn              p - ring of teleportation (curse)
MPRegen  0.09/turn              (no ring)

@: mighty, brilliant, resistant, heavily drained
A: negative energy resistance 1, electricity resistance, unbreathing,
petrification resistance, rot immunity, AC +4
a: no special abilities


You were on level 2 of the Dungeon.
You were not hungry.

You visited 1 branch of the dungeon, and saw 3 of its levels.

You collected 113 gold pieces.

Inventory:

Hand Weapons
 a - a +0 flail (weapon)
Armour
 c - a +0 shield (worn)
 e - a +0 chain mail (worn)
 l - a +0 pair of boots (worn)
 q - a +0 cloak (worn)
Jewellery
 m - an uncursed amulet of harm
 p - a cursed ring of teleportation (left hand)
Scrolls
 j - 2 scrolls of teleportation
Potions
 b - 2 potions of invisibility
Comestibles
 f - 9 rations
 h - a chunk of flesh


   Skills:
 + Level 3.6(1.9) Fighting
 * Level 4.4(2.7) Maces & Flails
 + Level 3.6(2.0) Armour
 + Level 3.6(2.0) Shields


You had 4 spell levels left.
You didn't know any spells.
Your spell library was empty.

Dungeon Overview and Level Annotations

Branches:
Dungeon (3/15)

Altars:
Fedhas

Annotations:
D:2 Grinder
D:3 Sigmund


Innate Abilities, Weirdness & Mutations

You are resistant to torment.
Your stone body is resilient. (AC +4)
You are immune to poison.
You resist negative energy. (rN+)
You are resistant to electric shocks. (rElec)
You can survive without breathing.
You are immune to petrification.
You are immune to rotting.


Message History

Grinder is heavily wounded.
You block Grinder's attack.
Your shield and chain mail prevent you from hitting Grinder.
Grinder is heavily wounded.
Grinder hits you.
* * * LOW HITPOINT WARNING * * *
You writhe in agony.
* * * LOW HITPOINT WARNING * * *
You feel very mighty all of a sudden. You block Grinder's attack.
You sock Grinder!
Grinder is almost dead.
Grinder hits you but does no damage. You block Grinder's attack.
You closely miss Grinder.
Grinder is almost dead.
Grinder completely misses you.
You closely miss Grinder.
Grinder is almost dead.
Grinder hits you.
You die...

...........# #.......#
...........# #.......####
...........# #..........#
...........#####.....†....#
..........................#
######.###.##..#.###......#
######.....###.#.# #.[....#
.......#######.#.# #.(....#
............##.#@# #.(....#
.......####.##.5.# #......#
................># #......#
.......#..#.###.(# #......#
.......'..#.# ##.###......#
.......##.#.####..##....###
.......##.#.#..(...+....#
............<.##...#....#
........#.##..##...#....###


You could see Grinder.

Vanquished Creatures
  Crazy Yiuf (D:2)
  4 adders (D:2)
  An ooze (D:1)
  2 worms (D:2)
  A dart slug (D:1)
  2 leopard geckos
  2 orcs
  2 ball pythons
  2 giant cockroaches (D:1)
  4 goblins
  6 hobgoblins
  7 bats
  3 frilled lizards
  7 kobolds
  4 rats
48 creatures vanquished.

Notes
Turn   | Place    | Note
-------+----------+-------------------------------------------
     0 | D:1      | Kisielow the Gargoyle Fighter began the quest for the Orb.
     0 | D:1      | Reached XP level 1. HP: 14/14 MP: 1/1
   110 | D:1      | Reached XP level 2. HP: 14/19 MP: 2/2
   305 | D:1      | Reached skill level 3 in Maces & Flails
   432 | D:1      | Reached XP level 3. HP: 21/23 MP: 3/3
   948 | D:2      | Reached skill level 4 in Maces & Flails
  1013 | D:2      | Reached XP level 4. HP: 18/28 MP: 4/4
  1387 | D:2      | Found a runed translucent door.
  1388 | D:2      | Noticed Crazy Yiuf
  1398 | D:2      | Killed Crazy Yiuf
  1398 | D:2      | Reached XP level 5. HP: 12/32 MP: 5/5
  1752 | D:3      | Noticed Sigmund
  1800 | D:3      | Found a blossoming altar of Fedhas.
  1881 | D:3      | Noticed Grinder
  1884 | D:3      | Paralysed by Grinder for 7 turns
  1904 | D:2      | Paralysed by Grinder for 2 turns
  1919 | D:2      | Slain by Grinder

Skill      XL: |  1  2  3 |
---------------+----------+-----
Maces & Flails | 3 4 |  4.4
Fighting       | |  3.6
Armour         | |  3.6
Shields        | |  3.6

Action                   |  1- 3 |  4- 6 || total
-------------------------+-------+-------++-------
Melee: Flail             |   137 |   118 ||   255
  Use: Potion            |       |     6 ||     6
       Scroll            |       |     5 ||     5
  Eat: Chunk             |     1 |     3 ||     4
Armor: Scale mail        |    26 |       ||    26
       Chain mail        |    70 |    78 ||   148
Dodge: Dodged            |    38 |    35 ||    73
Block: Shield            |    58 |    49 ||   107
